 Dungeon Crawl Stone Soup version 0.32-a0-7-ge934b4519a (webtiles) character file.

Game seed: 3198945425895622876

182 Strat the Cudgeller (level 5, -1/42 HPs)
             Began as an Armataur Monk on Jan 13, 2024.
             Slain by a gnoll
             ... wielding a +0 halberd
             ... led by a gnoll bouda
              (9 damage)
             ... on level 3 of the Dungeon.
             The game lasted 00:03:49 (2150 turns).

Strat the Cudgeller (Armataur Monk)                 Turns: 2150, Time: 00:03:50

Health: -1/42      AC:  6    Str: 18    XL:     5   Next: 35%
Magic:  5/5        EV:  8    Int: 10    God:
Gold:   65         SH:  0    Dex: 13    Spells: 4/4 levels left

rFire   . . .        a - +0 mace
rCold   . . .        d - orb {light}
rNeg    . . .        e - +0 scale mail
rPois   .            (no helmet)
rElec   .            (no cloak)
rCorr   .            (no gloves)
SInv    .            (no barding)
Will    .....        (no amulet) Stlth
                     (no ring)
HPRegen 0.27/turn    (no ring)
MPRegen 0.09/turn

%: roll
@: glowing
A: large, deformed body, tough skin 3, armoured tail, roll 1
a: no special abilities


You were on level 3 of the Dungeon.
You visited 1 branch of the dungeon, and saw 3 of its levels.

You collected 65 gold pieces.

Inventory:

Hand Weapons
 a - a +0 mace (weapon)
Missiles
 n - 3 darts of dispersal (quivered)
 q - a throwing net
Armour
 b - a +0 robe
 d - an orb of light (worn)
 e - a +0 scale mail (worn)
 p - a +0 chain mail
Talismans
 l - a blade talisman
Scrolls
 g - a scroll of identify {unknown}
 h - a scroll of butterflies {unknown}
 j - a scroll of immolation {unknown}
 k - a scroll of noise {unknown}
 m - a scroll of blinking {unknown}
Potions
 c - a potion of ambrosia
 f - a potion of brilliance {unknown}
 i - 3 potions of curing {unknown}
 o - a potion of heal wounds {unknown}


   Skills:
 - Level 2.6 Fighting
 + Level 5.1 Maces & Flails
 + Level 2.5 Armour
 - Level 2.1 Dodging


You had 4 spell levels left.
You didn't know any spells.
Your spell library contained the following spells:

 Spells                   Type           Power      Damage    Failure   Level
 Mercury Vapours          Alch/Air       0%         N/A       88%         2
 Mephitic Cloud           Conj/Alch/Air  0%         N/A       98%         3
 Freezing Cloud           Conj/Ice/Air   0%         6-21      100%        5


Dungeon Overview and Level Annotations

Branches:
Dungeon (3/15)

Altars:


Innate Abilities, Weirdness & Mutations

Armour fits poorly on your strangely shaped body.
You have extremely tough skin. (AC +3)
You have a long armoured tail.
You regenerate magic when rolling toward enemies. (Rampage MPRegen)


Message History

A gnoll is nearby!
A gnoll is nearby!
The gnoll shouts!
You roll towards the gnoll!
The gnoll hits you with a +0 spear.
There is an open door here.
You hit the gnoll but do no damage. The gnoll hits you with a +0 spear.
You sock the gnoll! You tail-slap the gnoll.
The gnoll is severely wounded.
The gnoll completely misses you.
You hit the gnoll.
You kill the gnoll!
Things that are here:
a +0 spear; a gnoll corpse You start resting.
HP restored.
You see here a +0 hand axe.
You see here a +0 robe.
There is a stone staircase leading down here.
You climb downwards.
The orc shouts!
The gnoll hits you from afar with a +0 halberd!
The gnoll hits you with a +0 spear.
The gnoll hits you with a +0 heavy flail.
* * * LOW HITPOINT WARNING * * *
A giant cockroach comes into view.
The gnoll bouda hits you with a +0 club.
* * * LOW HITPOINT WARNING * * *
The gnoll closely misses you.
The gnoll hits you from afar with a +0 halberd.
* * * LOW HITPOINT WARNING * * *
The gnoll hits you with a +0 spear.
* * * LOW HITPOINT WARNING * * *
There is a stone staircase leading up here.
The gnoll hits you with a +0 flail!
* * * LOW HITPOINT WARNING * * *
The gnoll bouda hits you with a +0 club!
* * * LOW HITPOINT WARNING * * *
The gnoll misses you.
The gnoll hits you from afar with a +0 halberd!
You die...

####... .....
...g... .....
#####.......
......##..(........
..........<........
......#............
........gg.........
......g...#§#.##...
#...>g@g.#§§§....#
#.##..g#D#.§#.##.#
.#....og.†.....##
.....?........D...#
.##.........##....#
#..##.....# .....
... ##.B..# .....
.... ##.........#
...........


You could see a steam dragon, a gnoll bouda, 5 gnolls, an orc, a giant cockroach
and a hobgoblin.

Vanquished Creatures
  Natasha (thrice) (D:2)
  4 gnolls (D:2)
  An adder (D:2)
  2 dart slugs (D:2)
  3 ribbon worms (D:2)
  6 ball pythons
  6 endoplasms
  3 giant cockroaches (D:1)
  5 goblins (D:1)
  2 hobgoblins (D:2)
  4 quokkas
  2 bats (D:1)
  3 frilled lizards
  4 kobolds
  5 rats
53 creatures vanquished.

Notes
Turn   | Place    | Note
-------+----------+-------------------------------------------
     0 | D:1      | Strat the Armataur Monk began the quest for the Orb.
     0 | D:1      | Reached XP level 1. HP: 18/18 MP: 1/1
    71 | D:1      | Reached skill level 3 in Maces & Flails
    85 | D:1      | Reached XP level 2. HP: 12/25 MP: 2/2
   231 | D:1      | Reached skill level 1 in Armour
   514 | D:2      | Reached XP level 3. HP: 30/30 MP: 3/3
   681 | D:2      | Noticed Natasha
   693 | D:2      | Killed Natasha
   694 | D:2      | Reached skill level 4 in Maces & Flails
   694 | D:2      | Reached XP level 4. HP: 7/37 MP: 4/4
  1135 | D:2      | Noticed Natasha
  1139 | D:2      | Killed Natasha
  1881 | D:2      | Noticed Natasha
  1890 | D:2      | Killed Natasha
  1891 | D:2      | Reached skill level 5 in Maces & Flails
  1891 | D:2      | Reached XP level 5. HP: 34/42 MP: 5/5
  1994 | D:3      | Noticed a steam dragon
  2150 | D:3      | Slain by a gnoll

Illustrated notes

Levels and vault maps discovered:
D:1:      saegor_arrival_simple_b, layout_basic, hangedman_decor_opposing,
          minmay_misc_feat_encased
D:2:      layout_basic, minmay_surrounded, uniq_natasha
D:3:      layout_rooms, serial_shops, shop, basic_ecumenical_altar

Skill      XL: |  1  2  3  4 |
---------------+-------------+-----
Maces & Flails | 3 4 5 |  5.1
Armour         | 1 2 |  2.5
Fighting       | |  2.6
Dodging        | |  2.1

Action                     |  1- 3 |  4- 6 || total
---------------------------+-------+-------++-------
  Melee: Mace              |    64 |    59 ||   123
         Tailslap          |     7 |    10 ||    17
 Armour: Scale mail        |    41 |    47 ||    88
  Dodge: Dodged            |    24 |    26 ||    50

Table legend: (Time is in decaauts)
 A = Elapsed time spent in this place.
 B = Non-inter-level travel time spent in this place.
 C = Inter-level travel time spent in this place.
 D = Time resting spent in this place.
 E = Time spent auto-exploring this place.
 F = Levels seen in this place.
 G = Mean time per level.
                   A        B        C        D        E       F      G
               +--------+--------+--------+--------+--------+-----+--------+
         Total |   2176 |   2077 |     99 |    433 |   1147 |   3 |  725.3 |
       Dungeon |   2176 |   2077 |     99 |    433 |   1147 |   3 |  725.3 |
               +--------+--------+--------+--------+--------+-----+--------+

Top non-repeatable levels by time:
     D:2: 1609 daAuts
     D:1: 535 daAuts
     D:3: 32 daAuts
